 Dungeon Crawl Stone Soup version 0.31-a0-940-gdaa99269f9 (webtiles) character file.

Game seed: 6115722321301678007

174 kae the Chopper (level 5, 0/39 (45) HPs)
             Began as a Hill Orc Fighter on Oct 20, 2023.
             Was an Initiate of Makhleb.
             Slain by a gnoll
             ... wielding a +0 halberd
              (8 damage)
             ... on level 3 of the Dungeon.
             The game lasted 00:01:14 (2003 turns).

kae the Chopper (Hill Orc Fighter)                  Turns: 2003, Time: 00:01:15

HP:   0/39 (45)     AC:  6    Str: 21    XL:     5   Next: 54%
MP:   5/5           EV:  9    Int:  8    God:    Makhleb [......]
Gold: 86            SH:  4    Dex: 10    Spells: 4/4 levels left

rFire   + . .        a - +0 war axe
rCold   + . .        c - +0 buckler
rNeg    . . .        b - +0 scale mail
rPois   +            (no helmet)
rElec   +            (no cloak)
rCorr   +            (no gloves)
SInv    .            (no boots)
Will    .....        (no amulet) Stlth
                     (no ring)
HPRegen 0.26/turn    (no ring)
MPRegen 0.09/turn

%: no passive effects
@: resistant, attractive, heavily drained
A: no striking features
a: Renounce Religion


You were on level 3 of the Dungeon.
You worshipped Makhleb.
Makhleb was noncommittal.
You visited 1 branch of the dungeon, and saw 3 of its levels.

You collected 86 gold pieces.


   Skills:
 - Level 3.6 Fighting
 + Level 7.3 Axes
 - Level 3.2 Armour
 - Level 3.2 Shields
 + Level 0.5 Invocations


You had 4 spell levels left.
You didn't know any spells.
Your spell library contained the following spells:

 Spells                   Type           Power      Damage    Failure   Level
 Apportation              Tloc           0%         N/A       82%         1
 Necrotise                Necr           0%         1d4       82%         1
 Summon Small Mammal      Summ           0%         N/A       82%         1
 Animate Armour           Summ/Erth      0%         N/A       100%        4
 Summon Forest            Summ/Tloc      0%         N/A       100%        5
 Haunt                    Necr/Summ      0%         N/A       100%        7

Inventory:

Hand Weapons
 a - a +0 war axe (weapon)
Missiles
 e - 6 poisoned darts
 f - 32 stones
Armour
 b - a +0 scale mail (worn)
 c - a +0 buckler (worn)
Scrolls
 g - a scroll of brand weapon {unknown}
 j - a scroll of enchant weapon {unknown}
 k - a scroll of teleportation {unknown}
 n - a scroll of vulnerability {unknown}

Dungeon Overview and Level Annotations

Branches:
Dungeon (3/15) Zot: 15954

Altars:
Makhleb

Shops:
D:2

[ #..#.#.#
#...##....###..♣...♣.
#....#.###...........#
.....................#
..##.....#.####.##.#.##
#.
..##.#.....####.##....#
#..
..#.............##....#
#.#..
.###.#.###.###........+
... .. .#
#.#.###..##.###....#
#.# .## ##
#...........g@.....#
#.# ..
###.#####.#g####.<.#
#.# ###† #.# #.g.#
########.###... #.#
##..# #.##.#...#.
######.# #..##
#.##...###.
........######g.##
#..........
..............g..#
###.#...#####
.....#..######.#.#
#.#.#..#### ####
#.#.####.#.#.....#


You could see 3 gnolls.


Message History

You take 5 damage, and now have 40/45 hp.
A kobold is nearby!
You barely miss the kobold. The kobold hits you but does no damage.
You hit the kobold.
You kill the kobold!
Makhleb accepts your kill.
f - 32 stones (gained 5)
You see here a +0 whip.
Key pressed, stopping explore.
No target in view!
No target in view! 😎 HP[+5]
Your hp is fully restored (45).
You now have 86 gold pieces (gained 8).
Key pressed, stopping explore.
No target in view!
No target in view!
A gnoll comes into view. It is wielding a +0 spear.
The gnoll shouts!
A gnoll comes into view. It is wielding a +1 whip of draining.
A goblin comes into view. It is wielding a +0 club.
The gnoll hits you from afar with a +0 spear.
A gnoll comes into view. It is wielding a +0 halberd.
A gnoll comes into view. It is wielding a +0 flail.
The goblin shouts!
The gnoll shouts!
You block the gnoll's attack.
The gnoll hits you from afar with a +0 halberd.
The gnoll moves out of view. 😕 HP[-7]
You take 7 damage, and now have 38/45 hp.
There are monsters nearby!
You hit the gnoll. The gnoll barely misses you.
The gnoll hits you from afar with a +0 halberd!
You are too injured to fight recklessly! 😮 HP[-10]
You take 10 damage, and now have 28/45 hp.
MASSIVE DAMAGE!! (PAUSE)
You are too injured to fight recklessly!
You are too injured to fight recklessly!
You are too injured to fight recklessly!
You are too injured to fight recklessly!
You barely miss the gnoll. The gnoll barely misses you.
The gnoll completely misses you.
You slash the gnoll!
You kill the gnoll!
Makhleb accepts your kill.
The gnoll hits you from afar with a +0 halberd.
You block the gnoll's attack.
The gnoll hits you from afar with a +0 halberd!
* * * LOW HITPOINT WARNING * * *
Unknown command. 😨 HP[-13]
You take 13 damage, and now have 15/45 hp.
MASSIVE DAMAGE!! (PAUSE) It was a potion of magic.
Magic courses through your body.
The gnoll hits you with a +1 whip of draining!
* * * LOW HITPOINT WARNING * * *
You feel drained.
* * * LOW HITPOINT WARNING * * *
The gnoll barely misses you. 😱 HP[-10]
You now have 43 max hp (-2).
You take 10 damage, and now have 5/43 hp.
MASSIVE DAMAGE!! (PAUSE) Unknown command.
Unknown command.
It was a potion of invisibility.
You fade into invisibility!
The gnoll barely misses you. The gnoll closely misses you.
Okay, then. 😱 HP[+1] 😱 HP[+1] 😱 HP[+1] 😱 HP[+1]
You flicker for a moment. 😱 HP[+1]
You flicker back into view. 😨 HP[+1]
The gnoll attacks as it pursues you! The gnoll barely misses you. 😨 HP[+1]
You can't go up here!
It was a potion of resistance.
You feel protected. The gnoll closely misses you.
It was a potion of attraction.
You feel attractive to monsters.
The gnoll hits you with a +1 whip of draining.
* * * LOW HITPOINT WARNING * * *
You feel drained.
* * * LOW HITPOINT WARNING * * *
The gnoll barely misses you. 😱 HP[-7]
You now have 41 max hp (-2).
You take 7 damage, and now have 5/41 hp.
It was a potion of curing.
You feel better.
The gnoll hits you with a +1 whip of draining.
* * * LOW HITPOINT WARNING * * *
You feel drained.
The gnoll hits you from afar with a +0 halberd!
You die...

Skill      XL: |  1  2  3  4  5 |
---------------+----------------+-----
Axes           | 3 4 5 6 7 |  7.3
Fighting       | |  3.6
Armour         | |  3.2
Shields        | |  3.2
Invocations    | |  0.5

Action                     |  1- 3 |  4- 6 || total
---------------------------+-------+-------++-------
  Melee: War axe           |    83 |    75 ||   158
    Use: Potion            |       |     6 ||     6
 Armour: Scale mail        |    47 |    48 ||    95
  Dodge: Dodged            |    32 |    34 ||    66
  Block: Buckler           |    15 |    23 ||    38

Levels and vault maps discovered:
D:1:      erik_arrival_triangle_medium, layout_loops_ring, nrook_uturn
D:2:      minmay_angry_zag, layout_basic, serial_shops, shop, uniq_jessica,
          uniq_robin
D:3:      layout_basic, lemuel_round_altar, grunt_ministairs_10,
          minmay_surrounded

Notes
Turn   | Place    | Note
-------+----------+-------------------------------------------
     0 | D:1      | kae the Hill Orc Fighter began the quest for the Orb.
     0 | D:1      | Reached XP level 1. HP: 19/19 MP: 1/1
     0 | D:1      | magus.rc [v1.11.3]
    49 | D:1      | Reached skill level 3 in Axes
   188 | D:1      | Reached XP level 2. HP: 26/26 MP: 2/2
   209 | D:1      | You add the spells Animate Armour, Summon Forest and Haunt
                  | to your library.
   209 | D:1      | Got the Writings on the Congregation and Corpses
   266 | D:1      | Reached skill level 4 in Axes
   567 | D:1      | Reached XP level 3. HP: 28/31 MP: 3/3
   694 | D:1      | You pick up a book of Cantrips and begin reading...
   694 | D:1      | You add the spells Necrotise, Summon Small Mammal and
                  | Apportation to your library.
   859 | D:2      | Reached skill level 5 in Axes
  1004 | D:2      | Reached XP level 4. HP: 39/39 MP: 4/4
  1081 | D:2      | Found Isoddyud's Antique Armour Shoppe.
  1116 | D:2      | Noticed Jessica
  1122 | D:2      | Killed Jessica
  1123 | D:2      | Reached skill level 6 in Axes
  1141 | D:2      | Noticed Robin
  1148 | D:2      | Reached XP level 5. HP: 33/45 MP: 5/5
  1148 | D:2      | Killed Robin
  1400 | D:2      | Reached skill level 7 in Axes
  1647 | D:3      | Found a burning altar of Makhleb.
  1809 | D:3      | Became a worshipper of Makhleb the Destroyer
  1976 | D:3      | HP: 6/45 [gnoll/+1 whip of draining (9)]
  2002 | D:3      | HP: 6/43 [gnoll/+1 whip of draining (6)]
  2003 | D:3      | Slain by a gnoll

Vanquished Creatures
  Jessica (D:2)
  Robin (D:2)
  A gnoll (D:3)
  4 adders
  A worm (D:2)
  3 dart slugs
  4 ball pythons
  2 bats
  5 endoplasms
  A giant cockroach (D:1)
  12 goblins
  5 hobgoblins
  8 jackals
  7 quokkas
  3 frilled lizards (D:1)
  9 kobolds
  13 rats
80 creatures vanquished.

Table legend:
 A = Non-vault XP
 B = Vault XP
 C = Vault XP percentage of total XP
 D = Non-vault monster count
 E = Vault monster count
 F = Vault count percentage of total count
                 A         B        C        D         E       F
            +---------+---------+-------+---------+---------+-------
      Total |     138 |     111 |  44.6 |      53 |      27 |  33.8
            +---------+---------+-------+---------+---------+-------
        D:1 |      47 |       0 |   0.0 |      29 |       0 |   0.0
        D:2 |      70 |      83 |  54.2 |      18 |      18 |  50.0
        D:3 |      21 |      28 |  57.1 |       6 |       9 |  60.0
            +---------+---------+-------+---------+---------+-------

Skill      XL: |  1  2  3  4  5 |
---------------+----------------+-----
Axes           | 3 4 5 6 7 |  7.3
Fighting       | |  3.6
Armour         | |  3.2
Shields        | |  3.2
Invocations    | |  0.5

Action                     |  1- 3 |  4- 6 || total
---------------------------+-------+-------++-------
  Melee: War axe           |    83 |    75 ||   158
    Use: Potion            |       |     6 ||     6
 Armour: Scale mail        |    47 |    48 ||    95
  Dodge: Dodged            |    32 |    34 ||    66
  Block: Buckler           |    15 |    23 ||    38

Illustrated notes

Table legend:
 A = Kills in this place as a percentage of kills in the entire game.
 B = Kills by you in this place as a percentage of kills by you in the entire game.
 C = Kills by friends in this place as a percentage of kills by friends in the entire game.
 D = Other kills in this place as a percentage of other kills in the entire game.
 E = Experience gained in this place as a percentage of experience gained in the entire game.
 F = Experience gained in this place divided by the number of levels of this place that you have seen.
                   A       B       C       D       E      F
               +-------+-------+-------+-------+-------+----------------------
         Total | 100.0 | 100.0 |   N/A |   N/A | 100.0 |  83.0
       Dungeon | 100.0 | 100.0 |   N/A |   N/A | 100.0 |  83.0
               +-------+-------+-------+-------+-------+----------------------

Table legend: (Time is in decaauts)
 A = Elapsed time spent in this place.
 B = Non-inter-level travel time spent in this place.
 C = Inter-level travel time spent in this place.
 D = Time resting spent in this place.
 E = Time spent auto-exploring this place.
 F = Levels seen in this place.
 G = Mean time per level.
                   A        B        C        D        E       F      G
               +--------+--------+--------+--------+--------+-----+--------+
         Total |   2045 |   1963 |     82 |     58 |   1505 |   3 |  681.7 |
       Dungeon |   2045 |   1963 |     82 |     58 |   1505 |   3 |  681.7 |
               +--------+--------+--------+--------+--------+-----+--------+

Top non-repeatable levels by time:
     D:1: 865 daAuts
     D:2: 708 daAuts
     D:3: 471 daAuts
